 Dungeon Crawl Stone Soup version 0.17.0-28-g6e173f8 (webtiles) character file.

51 M4edhros the Sneak (level 3, -6/21 HPs)
             Began as an Octopode Wanderer on Nov 26, 2015.
             Mangled by a gnoll
             ... wielding a +0 club
              (10 damage)
             ... on level 2 of the Dungeon.
             The game lasted 00:02:02 (1545 turns).

M4edhros the Sneak (Octopode Wanderer)              Turns: 1545, Time: 00:02:02

Health: -6/21      AC:  1    Str: 15    XL:     3   Next: 81%
Magic:  7/7        EV: 16    Int: 14    God:
Gold:   84         SH:  0    Dex: 18    Spells: 0 memorised, 8 levels left

rFire  . . .     SeeInvis .     s - +1 dagger (holy)
rCold  . . .     Clarity  .     (no shield)
rNeg   . . .     SustAt   .     (helmet restricted)
rPois  .         Gourm    .     (no amulet)
rElec  .         Spirit   .     d - ring of protection from magic
rCorr  .         Warding  .     (no ring)
rMut   .         Stasis   .     (no ring)
MR     +....                    (no ring)
Stlth  +++++.....               (no ring)
                                (no ring)
                                (no ring)
                                (no ring)

@: mighty, agile, somewhat resistant to hostile enchantments, quite stealthy
A: almost no armour, amphibious, 8 rings, constrict 8, camouflage 1, gelatinous
body 1
a: no special abilities


You were on level 2 of the Dungeon.
You were near starving.

You visited 1 branch of the dungeon, and saw 2 of its levels.

You collected 84 gold pieces.

Inventory:

Hand Weapons
 h - a +0 hunting sling
 s - a +1 dagger of holy wrath (weapon)
Missiles
 f - 71 stones (quivered)
 l - 21 sling bullets
Jewellery
 d - a ring of protection from magic (left tentacle)
 k - an uncursed amulet of resist mutation
Scrolls
 g - a scroll of enchant weapon {unknown}
 i - 3 scrolls of remove curse {unknown}
 q - 2 scrolls of identify {unknown}
 r - a scroll of blinking {unknown}
 u - 2 scrolls of recharging {unknown}
Potions
 p - a potion of cancellation
 t - a potion of lignification {unknown}
Books
 a - a book of Necromancy

   Spells                             Type                      Level
   a - Pain                           Necromancy                   1
   b - Animate Skeleton               Necromancy                   1
   c - Vampiric Draining              Necromancy                   3
   d - Regeneration                   Charms/Necromancy            3
   e - Animate Dead                   Necromancy                   4
   f - Control Undead                 Necromancy                   4
 b - the Reference Book on Intoxication

   Spells                             Type                      Level
   a - Sting                          Conjuration/Poison           1
   b - Ignite Poison                  Fire/Transmutation/Poison    3
 c - Alistair's Almanac of Contamination

   Spells                             Type                      Level
   a - Sting                          Conjuration/Poison           1
   b - Ignite Poison                  Fire/Transmutation/Poison    3
Comestibles
 e - 2 bread rations
 j - 5 fruits
 m - a meat ration


   Skills:
 * Level 1.8(2.0) Slings
 - Level 1.0(1.5) Throwing
 + Level 4.1 Stealth
 - Level 3.0 Spellcasting
   Level 2.0 Necromancy
   Level 2.0 Earth Magic
   Level 1.2 Poison Magic


You had 8 spell levels left.
You didn't know any spells.

Dungeon Overview and Level Annotations

Branches:
Dungeon (2/15)

Altars:
Trog


Innate Abilities, Weirdness & Mutations

You cannot wear most types of armour.
You are amphibious.
You can wear up to eight rings at the same time.
You can use your tentacles to constrict eight enemies at once.
Your skin changes colour to match your surroundings (Stealth).
Your rubbery body absorbs attacks (AC +1).


Message History

The gnoll is severely wounded.
You constrict the gnoll. The gnoll hits you with a club.
The gnoll hits you from afar with a halberd!
* * * LOW HITPOINT WARNING * * *
Drink which item? (? for menu, Esc to quit)
Okay, then.
You release your grip on the gnoll.
Drink which item? (? for menu, Esc to quit)
It was a potion of cancellation.
You feel magically purged. The gnoll barely misses you.
Drink which item? (? for menu, Esc to quit)
It was a potion of agility.
You feel agile all of a sudden. The gnoll hits you but does no damage.
Found 2 gold pieces.
Drink which item? (? for menu, Esc to quit)
It was a potion of might.
You feel very mighty all of a sudden. The gnoll hits you with a club!
You die...

#......# ..
#).....# #
#..#'### ..(
#..#g####.....
#..#..(g.(#
#..########
#..#
#..#########.#
#...gg@.......
#...........$#
##############


You could see 2 gnolls.

Vanquished Creatures
  An adder (D:2)
  2 oozes (D:1)
  2 giant geckos (D:1)
  4 giant cockroaches
  4 goblins
  2 hobgoblins (D:2)
  3 jackals (D:2)
  2 kobolds
  2 ball pythons (D:1)
  2 giant newts (D:2)
  7 rats
31 creatures vanquished.

Notes
Turn   | Place    | Note
--------------------------------------------------------------
     0 | D:1      | M4edhros the Octopode Wanderer began the quest for the Orb.
     0 | D:1      | M4edhros set off with: a book of Necromancy, the Reference Book on Intoxication, Alistair's Almanac of Contamination, a +0 dagger, a bread ration
     0 | D:1      | Reached XP level 1. HP: 11/11 MP: 4/4
     0 | D:1      | Identified the Reference Book on Intoxication
     0 | D:1      | Identified Alistair's Almanac of Contamination
   111 | D:1      | Reached XP level 2. HP: 7/17 MP: 6/6
   994 | D:1      | Reached skill level 1 in Slings
   994 | D:1      | Reached XP level 3. HP: 17/21 MP: 7/7
  1203 | D:2      | Found a bloodstained altar of Trog.
  1442 | D:2      | Reached skill level 4 in Stealth
  1545 | D:2      | Mangled by a gnoll

Action                   || total
-------------------------++-------
Melee: Dagger            ||    25
 Fire: Hunting sling     ||    72
  Use: Potion            ||     4
 Stab: Sleeping          ||     7
